 Dungeon Crawl Stone Soup version 0.29-a0-648-g6b26cc9f40 (webtiles) character file.

Game seed: 17692090123648115213

0 Essalna the Sneak (level 1, 0/9 HPs)
             Began as a Spriggan Enchanter on June 20, 2022.
             Killed from afar by a dart slug (4 damage)
             ... with a slug dart
             ... on level 1 of the Dungeon.
             The game lasted 00:00:13 (85 turns).

Essalna the Sneak (Spriggan Enchanter)                Turns: 85, Time: 00:00:13

Health: 0/9        AC:  2    Str:  4    XL:     1   Next: 8%
Magic:  5/5        EV: 17    Int: 16    God:
Gold:   7          SH:  0    Dex: 15    Spells: 5/5 levels left

rFire   . . .      SeeInvis +   a - +1 dagger
rCold   . . .      Faith    .   (no shield)
rNeg    . . .      Spirit   .   b - +0 robe
rPois   .          Reflect  .   (helmet restricted)
rElec   .          Harm     .   (no cloak)
rCorr   .          Rampage  .   (gloves unavailable)
Will    .....                   (boots unavailable)
Stlth   +++.......              (no amulet)
HPRegen 0.03/turn               (no ring)
MPRegen 0.09/turn               (no ring)

@: very quick
A: very small, no large weapons, unfitting armour, see invisible, speed 3
a: no special abilities


You were on level 1 of the Dungeon.
You visited 1 branch of the dungeon, and saw 1 of its levels.

You collected 7 gold pieces.

Inventory:

Hand Weapons
 a - a +1 dagger (weapon)
Armour
 b - a +0 robe (worn)
Scrolls
 d - a scroll of fear {unknown}
Potions
 c - 2 potions of invisibility


   Skills:
 + Level 1.1 Short Blades
 + Level 2.7 Dodging
 + Level 4.4 Stealth
 - Level 2.6 Spellcasting
 + Level 3.6 Hexes


You had 5 spell levels left.
You didn't know any spells.
Your spell library contained the following spells:

 Spells                   Type           Power      Damage    Failure   Level
 Confusing Touch          Hex            13%        N/A       13%         3
 Tukima's Dance           Hex            13%        N/A       13%         3
 Ensorcelled Hibernation  Hex/Ice        14%        N/A       14%         2
 Dazzling Flash           Conj/Hex       14%        N/A       28%         3


Dungeon Overview and Level Annotations

Branches:
Dungeon (1/15)

Altars:


Innate Abilities, Weirdness & Mutations

You are very small and have problems with some larger weapons.
You are too small for most types of armour.
You have supernaturally acute eyesight. (SInv)
You cover ground extremely quickly. (Speed+++)


Message History

A frilled lizard comes into view.
A frilled lizard is nearby!
A dart slug comes into view.
You hit the dart slug.
The dart slug is lightly wounded.
The frilled lizard hisses angrily.
You hit the dart slug.
The dart slug is moderately wounded.
The frilled lizard bites you but does no damage.
The dart slug closely misses you.
You hit the dart slug.
The dart slug is severely wounded.
The frilled lizard bites you but does no damage.
The dart slug bites you but does no damage.
You hit the dart slug.
The dart slug is almost dead.
The frilled lizard bites you.
You are too injured to fight recklessly!
You are too injured to fight recklessly!
You are too injured to fight recklessly!
You are too injured to fight recklessly!
You are too injured to fight recklessly!
You are too injured to fight recklessly!
You are too injured to fight recklessly!
You are too injured to fight recklessly!
You are too injured to fight recklessly!
You hit the dart slug but do no damage.
The dart slug is almost dead.
The dart slug launches a dart at you. The slug dart misses you.
The frilled lizard barely misses you.
The frilled lizard bites you but does no damage.
You miss the frilled lizard. The dart slug barely misses you.
The frilled lizard misses you.
You hit the frilled lizard.
You kill the frilled lizard!
The dart slug launches a dart at you. The slug dart hits you.
The dart slug launches a dart at you. The slug dart hits you.
You die...

..# ###....###..###.###
.#$###.#..........##..#.
#..................##..#
#.....#......#####......
.. #......#### ..####...
...#....### .....###'
........+ ⌠......'.
..#.....### .....###'
.......@w.# ..####...
.............#####.....#
.##.......#.........#...
#...###..# ....########
#### ### ###


You could see a dart slug.

Vanquished Creatures
  A frilled lizard (D:1)
1 creature vanquished.

Notes
Turn   | Place    | Note
-------+----------+-------------------------------------------
     0 | D:1      | Essalna the Spriggan Enchanter began the quest for the Orb.
     0 | D:1      | Reached XP level 1. HP: 9/9 MP: 5/5
    85 | D:1      | Killed from afar by a dart slug

Illustrated notes

Levels and vault maps discovered:
D:1:      elethiomel_arrival_infinity_welcomes_careful_drivers,
          layout_loops_ring, hellmonk_ecumenical_altar_pennies_from_heaven

Action                   || total
-------------------------++-------
Melee: Dagger            ||     7
Armor: Robe              ||     4
Dodge: Dodged            ||     5

Table legend: (Time is in decaauts)
 A = Elapsed time spent in this place.
 B = Non-inter-level travel time spent in this place.
 C = Inter-level travel time spent in this place.
 D = Time resting spent in this place.
 E = Time spent auto-exploring this place.
 F = Levels seen in this place.
 G = Mean time per level.
                   A        B        C        D        E       F      G
               +--------+--------+--------+--------+--------+-----+--------+
         Total |     55 |     55 |      0 |      0 |     41 |   1 |   55.0 |
       Dungeon |     55 |     55 |      0 |      0 |     41 |   1 |   55.0 |
               +--------+--------+--------+--------+--------+-----+--------+

Top non-repeatable levels by time:
     D:1: 55 daAuts
